AoeStats
← Crotovich

Arabia

508604424Analyzed
2v2 RM · 8d ago on Sep 23, 2026· 79m 6s· 4 players
Game mode
Random Map
Map size
Medium (4 player)
Population
200
Speed
Normal
Resources
Standard
Victory
Conquest
Starting age
Dark Age
Ending age
Imperial Age
RankedLock teamsTeams togetherTeam positionsShared explorationLock speedFull tech treeHidden civsTurbo modeCheats
Victory
Defeat
🇻🇳 Saxons · Vietnam
689
+18
🇮🇳 Britons · India
664
+19
🇦🇷 Byzantines · Argentina
777
-55
🇦🇷 Vietnamese · Argentina
700
-17
kunj2020
2:35 Loom
12:23 Feudal Age
13:26 Horse Collar
13:41 Double-Bit Axe
13:56 Town Watch
14:09 Double-Bit Axe
19:43 Castle Age
19:03 Man-at-Arms
19:51 Stone Mining
21:07 Heavy Plow
26:14 Long Swordsman
26:46 Gambesons
31:25 Bow Saw
32:03 Wheelbarrow
31:51 Town Patrol
32:31 Pikeman
33:12 Squires
32:58 Arson
33:18 Scale Mail Armor
33:30 Forging
33:11 Fletching
34:34 Padded Archer Armor
34:50 Chain Mail Armor
36:37 Yeomen
36:17 Bodkin Arrow
37:45 Fortified Wall
38:04 Ballistics
38:41 Iron Casting
38:23 Leather Archer Armor
42:29 Imperial Age
40:18 Hand Cart
41:50 Masonry
41:37 Murder Holes
42:32 Capped Ram
43:16 Bracer
43:47 Plate Mail Armor
44:18 Blast Furnace
43:49 Ring Archer Armor
44:24 Chemistry
43:51 Conscription
43:30 Gold Mining
46:28 Gold Shaft Mining
47:04 Architecture
46:40 Siege Engineers
45:58 Onager
46:09 Elite Skirmisher
46:13 Elite Longbowman
47:35 Hoardings
46:30 Halberdier
48:09 Caravan
48:40 Coinage
48:21 Guilds
49:51 Two-Handed Swordsman
54:25 Banking
56:07 Two-Man Saw
55:06 Arrowslits
56:13 Scale Barding Armor
56:20 Warwolf
55:44 Champion
56:33 Herbal Medicine
Tie
9:58 Feudal Age
8:53 Loom
11:13 Double-Bit Axe
18:34 Castle Age
16:22 Horse Collar
18:23 Gold Mining
19:50 Stone Mining
21:24 Fletching
22:42 Wheelbarrow
23:48 Fletching
25:30 Bow Saw
25:32 Heavy Plow
28:51 Hand Cart
30:01 Squires
30:40 Gold Shaft Mining
31:27 Forging
31:22 Scale Mail Armor
31:37 Bodkin Arrow
33:03 Scale Mail Armor
34:08 Forging
33:54 Arson
35:47 Iron Casting
35:29 Chain Mail Armor
39:07 Imperial Age
37:33 Padded Archer Armor
39:56 Bracer
40:30 Plate Mail Armor
39:41 Shield Wall
41:40 Elite Varangian Guard
43:41 Crop Rotation
45:48 Two-Man Saw
48:08 Chemistry
47:17 Elite Hearth Troop
63:45 Pikeman
65:46 Pikeman
65:59 Elite Skirmisher
Crotovich
8:11 Loom
12:33 Feudal Age
18:03 Castle Age
18:06 Gold Mining
18:07 Stone Mining
18:05 Double-Bit Axe
22:24 Bow Saw
21:58 Horse Collar
23:05 Husbandry
23:20 Bloodlines
28:30 Scale Barding Armor
28:36 Forging
33:30 Stone Shaft Mining
35:52 Imperial Age
34:01 Wheelbarrow
34:06 Chain Barding Armor
34:22 Iron Casting
33:49 Padded Archer Armor
33:43 Fletching
37:56 Two-Man Saw
36:59 Heavy Plow
37:19 Hand Cart
38:58 Caravan
39:39 Elite Battle Elephant
41:15 Ballistics
46:36 Plate Barding Armor
45:41 Elite Rattan Archer
49:59 Paper Money
49:48 Chatras
50:20 Bodkin Arrow
50:42 Leather Archer Armor
51:11 Bracer
53:55 Ring Archer Armor
70:35 Cavalier
73:58 Hoardings
À PEDRA
14:26 Feudal Age
14:59 Horse Collar
15:23 Double-Bit Axe
19:47 Wheelbarrow
21:38 Gold Mining
24:02 Castle Age
26:38 Bow Saw
26:31 Heavy Plow
27:00 Fletching
31:03 Loom
34:39 Hand Cart
35:07 Guard Tower
35:13 Murder Holes
35:29 Fortified Wall
35:40 Ballistics
36:49 Stone Mining
37:36 Gold Shaft Mining
38:07 Caravan
40:42 Imperial Age
41:14 Stone Shaft Mining
40:27 Treadmill Crane
41:01 Bodkin Arrow
41:16 Forging
41:12 Scale Barding Armor
43:01 Padded Archer Armor
43:49 Crop Rotation
44:21 Two-Man Saw
44:39 Keep
45:31 Heavy Cavalry Archer
46:46 Thumb Ring
51:09 Chemistry
53:27 Bracer
54:03 Iron Casting
53:48 Chain Barding Armor
53:48 Leather Archer Armor
56:29 Conscription
56:23 Logistica
55:35 Elite Cataphract
57:16 Elite Skirmisher
73:44 Pikeman
74:28 Squires
74:14 Gambesons
76:54 Halberdier
Connection lost

Rejoining the realm…

Still unreachable

The connection could not be restored.

Session expired

The server has moved on; the page needs a fresh start.